 Dungeon Crawl Stone Soup version 0.17-a0-1837-g7c6a762 (webtiles) character file.

109 Blightor the Skirmisher (level 4, -2/37 HPs)
             Began as a Demonspawn Abyssal Knight on Sept 16, 2015.
             Was a Believer of Lugonu.
             Succumbed to Blightor's ghost's poison
             ... on level 3 of the Dungeon.
             The game lasted 00:09:42 (2273 turns).

Blightor the Skirmisher (Demonspawn Abyssal Knight) Turns: 2273, Time: 00:09:42

Health: -2/37      AC: 11    Str: 13      XL:     4   Next: 59%
Magic:  5/5        EV:  6    Int: 18      God:    Lugonu [**....]
Gold:   141        SH:  0    Dex:  9 (13) Spells: 0 memorised, 3 levels left

rFire  . . .     SeeInvis .     m - +2 dagger (freeze)
rCold  . . .     Clarity  .     e - +0 chain mail
rNeg   . . .     SustAt   .     (no shield)
rPois  .         Gourm    .     (no helmet)
rElec  .         Spirit   .     j - +0 cloak
rCorr  .         Warding  .     (no gloves)
rMut   .         Stasis   .     (no boots)
MR     .....                    (no amulet)
Stlth  ..........               (no ring)
                                (no ring)

@: brilliant, lethally poisoned (-2 -> -60), not resistant to hostile
enchantments, extremely unstealthy
A: hooves 2, icy blue scales 1
a: Depart the Abyss, Bend Space, Renounce Religion


You were on level 3 of the Dungeon.
You worshipped Lugonu.
Lugonu was pleased with you.
You were not hungry.

You visited 1 branch of the dungeon, and saw 3 of its levels.
You visited the Abyss 1 time.

You collected 141 gold pieces.

Inventory:

Hand weapons
 a - a +1 falchion
 g - a +3 club
 m - a +2 dagger of freezing (weapon)
 q - a +0 dagger of venom
Armour
 b - a +0 leather armour
 e - a +0 chain mail (worn)
 j - a +0 cloak (worn)
 r - a +0 helmet
Magical staves
 p - an uncursed staff of conjuration
Scrolls
 c - a scroll of recharging {unknown}
 d - 2 scrolls of remove curse
 f - a scroll of teleportation {unknown}
 h - a scroll of random uselessness {unknown}
 i - 4 scrolls of identify {unknown}
 k - a scroll of fog {unknown}


   Skills:
 + Level 4.0 Fighting
 * Level 1.3(1.8) Short Blades
 - Level 1.7(2.0) Long Blades
 * Level 3.2 Armour
 - Level 0.8 Dodging
 - Level 2.4 Invocations


You had 3 spell levels left.
You didn't know any spells.

Dungeon Overview and Level Annotations

Branches:
Dungeon (3/15)

Altars:
Qazlal

Annotations:
D:3 Blightor's ghost, average DsAK


Innate Abilities, Weirdness & Mutations

You have hoof-like feet.
You are partially covered in icy blue scales (AC +1).


Message History

Blightor's ghost hits you but does no damage.
You are more poisoned.
Drink which item? (? for menu, Esc to quit)
It was a potion of magic.
Magic courses through your body.
* * * LOW HITPOINT WARNING * * *
You feel very sick.
Blightor's ghost hits you but does no damage.
You are more poisoned.
Drink which item? (? for menu, Esc to quit)
You feel clever all of a sudden.
* * * LOW HITPOINT WARNING * * *
You feel very sick.
Blightor's ghost shouts, "To die, to sleep, no more."
Blightor's ghost hits you but does no damage.
You are more poisoned.
Drink which item? (? for menu, Esc to quit)
It was a potion of degeneration.
There was something very wrong with that liquid.
You feel clumsy.
You die...

.( ... ....
##+###....
######.........
#..............
#...<........
#W##.........
#@##.........
#...##........)
#.####......#..
... #......# .
#.# #......# #.
######## #


You could see Blightor's ghost.

Vanquished Creatures
  Robin (D:2)
  4 adders (D:2)
  2 worms (D:2)
  A giant gecko (D:2)
  3 ball pythons
  2 giant cockroaches
  10 goblins
  10 hobgoblins (D:2)
  7 kobolds
  A quokka (D:2)
  6 bats
  5 giant newts
  3 jackals (D:2)
  3 rats
58 creatures vanquished.

Notes
Turn   | Place    | Note
--------------------------------------------------------------
     0 | Abyss:1  | Blightor the Demonspawn Abyssal Knight began the quest for the Orb.
     0 | Abyss:1  | Reached XP level 1. HP: 18/18 MP: 2/2
    16 | Abyss:1  | Found a corrupted altar of Lugonu.
    90 | Abyss:1  | Noticed a guardian serpent
    92 | D:1      | Escaped the Abyss
   272 | D:1      | Acquired Lugonu's first power
   559 | D:1      | Gained mutation: You are partially covered in icy blue scales (AC +1). [demonic ancestry]
   559 | D:1      | Reached XP level 2. HP: 24/24 MP: 3/3
   920 | D:2      | Gained mutation: You have large cloven feet. [demonic ancestry]
   920 | D:2      | Reached XP level 3. HP: 26/30 MP: 4/4
   935 | D:2      | Noticed Robin
   990 | D:2      | Killed Robin
   990 | D:2      | Reached skill level 1 in Short Blades
   991 | D:2      | HP: 1/30 [hobgoblin/club[Robin] (3)]
  1362 | D:2      | Acquired Lugonu's second power
  1362 | D:2      | Reached skill level 4 in Fighting
  1362 | D:2      | Gained mutation: You have hoof-like feet. [demonic ancestry]
  1362 | D:2      | Reached XP level 4. HP: 35/37 MP: 5/5
  1853 | D:2      | Found a stormy altar of Qazlal.
  2249 | D:3      | Noticed Blightor's ghost (average DsAK)
  2273 | D:3      | Succumbed to Blightor's ghost's poison

Vault maps used:
D:1:      eino_arrival_water_cross
D:2:      overflow_temple_1_default, st_stairs_1, uniq_robin
D:3:      overflow_temple_1_default, lemuel_round_altar, first_bread,
          uniq_natasha

Action                   |  1- 3 |  4- 6 || total
-------------------------+-------+-------++-------
Melee: Falchion          |    32 |       ||    32
       Dagger            |   103 |    88 ||   191
Invok: Depart the Abyss  |     1 |       ||     1
  Use: Potion            |     2 |     3 ||     5
       Scroll            |     1 |       ||     1
  Eat: Chunk             |     1 |       ||     1
       Bread ration      |       |     1 ||     1
